 Dungeon Crawl Stone Soup version 0.28.0 (webtiles) character file.

Game seed: 1181438645162787112

4 freelancePsychic the Vexing (level 1, 0/13 HPs)
             Began as a Human Enchanter on Feb 9, 2022.
             Was an Initiate of Ashenzari.
             Slain by a quokka (5 damage)
             ... on level 1 of the Dungeon.
             The game lasted 00:00:43 (140 turns).

freelancePsychic the Vexing (Human Enchanter)        Turns: 140, Time: 00:00:44

Health: 0/13       AC:  2    Str:  8    XL:     1   Next: 77%
Magic:  3/3        EV: 12    Int: 15    God:    Ashenzari [......]
Gold:   8          SH:  0    Dex: 13    Spells: 4/4 levels left

rFire   . . .      SeeInvis .   a - +1 dagger
rCold   . . .      Faith    .   (no shield)
rNeg    . . .      Spirit   .   b - +0 robe
rPois   .          Reflect  .   (no helmet)
rElec   .          Harm     .   (no cloak)
rCorr   .          Rampage  .   (no gloves)
Will    .....                   (no boots)
Stlth   ++........              (no amulet)
HPRegen 0.04/turn               (no ring)
MPRegen 0.08/turn               (no ring)

@: no status effects
A: no striking features
a: Renounce Religion, Curse Item


You were on level 1 of the Dungeon.
You worshipped Ashenzari.
Ashenzari was noncommittal.
You visited 1 branch of the dungeon, and saw 1 of its levels.

You collected 8 gold pieces.

Inventory:

Hand Weapons
 a - a +1 dagger (weapon)
Armour
 b - a +0 robe (worn)
Jewellery
 e - a ring of magical power
Potions
 c - a potion of invisibility
 d - 2 potions of curing {unknown}


   Skills:
 + Level 0.3 Fighting
 + Level 1.1 Short Blades
 - Level 2.0 Dodging
 - Level 3.0 Stealth
 + Level 2.1 Spellcasting
 + Level 3.0 Hexes


You had 4 spell levels left.
You didn't know any spells.
Your spell library contained the following spells:

 Spells                   Type           Power      Damage    Failure   Level
 Ensorcelled Hibernation  Hex/Ice        12%        N/A       19%         2
 Confusing Touch          Hex            10%        N/A       19%         3
 Tukima's Dance           Hex            10%        N/A       19%         3
 Dazzling Flash           Conj/Hex       12%        N/A       34%         3


Dungeon Overview and Level Annotations

Branches:
Dungeon (1/15)

Altars:
Ashenzari


Message History

You are too injured to fight recklessly!
You are too injured to fight recklessly!
You are too injured to fight recklessly!
You are too injured to fight recklessly!
You are too injured to fight recklessly!
You are too injured to fight recklessly!
You are too injured to fight recklessly!
You are too injured to fight recklessly!
You closely miss the quokka.
The quokka is moderately wounded.
The quokka closely misses you.
You closely miss the quokka.
The quokka is moderately wounded.
The quokka closely misses you.
You hit the quokka but do no damage.
The quokka is moderately wounded.
The quokka misses you.
You closely miss the quokka.
The quokka is moderately wounded.
The quokka closely misses you.
You hit the quokka.
The quokka is almost dead.
The quokka closely misses you.
You hit the quokka but do no damage.
The quokka is almost dead.
The quokka misses you.
Ashenzari invites you to partake of a vision and a curse of introspection and cunning.
You completely miss the quokka.
The quokka is almost dead.
The quokka closely misses you. The quokka misses you.
You closely miss the quokka.
The quokka is almost dead.
The quokka closely misses you.
You closely miss the quokka.
The quokka is severely wounded.
The quokka bites you.
You hit the quokka but do no damage. Your punch misses the quokka.
The quokka is severely wounded.
The quokka bites you.
You die...

##### ##...## ### ###
####.....######....
... ...............#
..## #$......._..#
...#####.......#..⌠#
#.......(.....######
...........>..gr@..#
...###....)....###..#
.#.####....†....# .#
.#...###......#.# .#
.###.#####...##... #
## #(.# #.### ##.. .#
##.# #.# ##. .# #.#
#.. .# #.# ###


You could see a quokka and a hobgoblin.

Vanquished Creatures
  A goblin (D:1)
  A bat (D:1)
  A frilled lizard (D:1)
  3 rats (D:1)
6 creatures vanquished.

Notes
Turn   | Place    | Note
-------+----------+-------------------------------------------
     0 | D:1      | freelancePsychic the Human Enchanter began the quest for
                  | the Orb.
     0 | D:1      | Reached XP level 1. HP: 13/13 MP: 3/3
   109 | D:1      | Found a faded altar of an unknown god.
   119 | D:1      | Prayed at the altar of an unknown god.
   119 | D:1      | Became a worshipper of Ashenzari the Shackled
   140 | D:1      | Slain by a quokka

Illustrated notes

Levels and vault maps discovered:
D:1:      wander_arrival_abandoned_jail, layout_rooms,
          ebering_ecumenical_altar_abandoned, serial_shops,
          nicolae_shop_behind_doors, minmay_tetromino_o2

Action                   || total
-------------------------++-------
Melee: Dagger            ||    30
       Punch             ||     1
 Stab: Sleeping          ||     1
Armor: Robe              ||     1
Dodge: Dodged            ||    21
